Map: Dusk Towers

Players

ILLBdA - Winner!

  • Race: Protoss Protoss
  • League: Diamond

nettiger

  • Race: Zerg Zerg
  • League: Gold

VOD

Have the link to the VOD?

Description

Time

  • Played on: Dec. 23, 2015, 10:02 a.m.
  • Length: 3:29
Show
View Real Time Build Order
Export as new Build Order

ILLBdA Protoss - Winner!

Build Orders:  

Get SALT Encoding   

  12  0:01  Probe (Chrono Boost)  
  13  0:11  Probe (Chrono Boost)  
  14  0:22  Probe (Chrono Boost)  
  15  0:38  Pylon  
  15  0:56  Gateway  
  15  0:57  Gateway  
  15  0:59  Gateway  
  15  1:09  Gateway  
  15  1:37  Pylon  
  21  1:47  Zealot (Chrono Boost)  
  21  1:48  Zealot x2 (Chrono Boost)  
  21  1:58  Zealot (Chrono Boost)  
  23  2:15  Zealot x3 (Chrono Boost)  
  29  2:21  Pylon  
  29  2:23  Zealot (Chrono Boost)  
  31  2:43  Zealot (Chrono Boost)  
  31  2:44  Zealot (Chrono Boost)  
  35  2:49  Zealot (Chrono Boost)  
Show
View Real Time Build Order
Export as new Build Order

nettiger Zerg 

Build Orders: Hatch First 

Get SALT Encoding   

  12  0:01  Drone  
  13  0:07  Drone  
  14  0:34  Hatchery  
  13  0:37  Drone  
  14  0:48  Extractor  
  14  0:49  Drone  
  14  1:00  Spawning Pool  
  14  1:02  Drone  
  14  1:30  Overlord  
  14  1:43  Hatchery  
  13  1:48  Drone  
  13  1:50  Drone  
  15  1:56  Drone  
  16  2:05  Drone  
  17  2:10  Drone  
  17  2:11  Drone  
  17  2:14  Drone  
  20  2:36  Zergling x2  
  20  2:37  Zergling x6  
Tags
 
Matchup
PvZ
Replay Pack
me
Add a new tag
Caveats
  • Supply blocks, unpowered buildings, or Contaminate may cause inaccurate times.
  • Supply counts are checked every 10 seconds.